 Dungeon Crawl Stone Soup version 0.23-a0-703-gdf2d5e0dd9 (webtiles) character file.

25 Morbidden the Chucker (level 3, -1/36 HPs)
             Began as an Ogre Hunter on Jan 13, 2019.
             Slain by Terence
             ... wielding a +0 short sword
              (2 damage)
             ... on level 2 of the Dungeon.
             The game lasted 00:02:05 (1096 turns).

Morbidden the Chucker (Ogre Hunter)                 Turns: 1096, Time: 00:02:06

Health: -1/36      AC:  3    Str: 17    XL:     3   Next: 4%
Magic:  3/3        EV: 10    Int: 12    God:
Gold:   50         SH:  0    Dex:  9    Spells: 2/2 levels left

rFire    . . .     SeeInvis .   a - +0 short sword
rCold    . . .     Gourm    .   (no shield)
rNeg     . . .     Faith    .   b - +0 robe
rPois    .         Spirit   .   (helmet restricted)
rElec    .         Reflect  .   (no cloak)
rCorr    .         Harm     .   (gloves unavailable)
MR       .....                  (boots unavailable)
Stlth    +.........             (no amulet)
HPRegen  0.12/turn              (no ring)
MPRegen  0.08/turn              (no ring)

@: no status effects
A: large, unfitting armour, tough skin 1
a: no special abilities


You were on level 2 of the Dungeon.
You were hungry.

You visited 1 branch of the dungeon, and saw 2 of its levels.

You collected 50 gold pieces.

Inventory:

Hand Weapons
 a - a +0 short sword (weapon)
Missiles
 c - 5 large rocks
 d - 2 throwing nets
 h - 8 stones (quivered)
Armour
 b - a +0 robe (worn)
Scrolls
 g - a scroll of teleportation {unknown}
 i - a scroll of remove curse {unknown}
 j - a scroll of random uselessness {unknown}
 l - a scroll of blinking {unknown}
Potions
 e - 3 potions of flight {unknown}
 k - a potion of magic {unknown}
 m - a potion of agility {unknown}
Comestibles
 f - 6 rations


   Skills:
 + Level 2.8 Fighting
 + Level 4.8 Throwing
 + Level 1.8 Dodging
 - Level 0.6 Stealth


You had 2 spell levels left.
You didn't know any spells.
Your spell library was empty.

Dungeon Overview and Level Annotations

Branches:
Dungeon (2/15)

Altars:

Annotations:
D:2 Terence


Innate Abilities, Weirdness & Mutations

You are too large for most types of armour.
You have tough skin. (AC +1)


Message History

Terence barely misses you. The kobold closely misses you.
Unknown command.
You hit Terence but do no damage.
Terence is almost dead.
Terence hits you but does no damage. The kobold hits you with a +0 dagger.
* * * LOW HITPOINT WARNING * * *
You closely miss Terence.
Terence is almost dead.
Terence barely misses you. The kobold hits you with a +0 dagger.
* * * LOW HITPOINT WARNING * * *
Terence says, "Don't bother to defend, it's pointless."
Terence barely misses you.
You closely miss Terence.
Terence is almost dead.
The kobold misses you. Terence hits you with a +0 short sword.
* * * LOW HITPOINT WARNING * * *
You hit Terence but do no damage.
Terence is almost dead.
The kobold hits you but does no damage. Terence hits you with a +0 short sword.
You die...

#+# #.# #.# #
##.#######(.
###.##.....((((#
#.....).K@@#
#.##...#.......
#<.######.##
#..# #....
##.### #.# #.#
#.#


You could see Terence and a kobold.

Vanquished Creatures
  2 oozes (D:1)
  A leopard gecko (D:1)
  3 bats (D:1)
  A giant cockroach (D:1)
  A goblin (D:1)
  A hobgoblin (D:1)
  2 kobolds
  2 frilled lizards (D:1)
  4 rats (D:1)
17 creatures vanquished.

Notes
Turn   | Place    | Note
-------+----------+-------------------------------------------
     0 | D:1      | Morbidden the Ogre Hunter began the quest for the Orb.
     0 | D:1      | Reached XP level 1. HP: 22/22 MP: 1/1
   678 | D:1      | Reached XP level 2. HP: 29/29 MP: 2/2
  1008 | D:1      | Reached XP level 3. HP: 25/36 MP: 3/3
  1072 | D:2      | Noticed Terence
  1095 | D:2      | HP: 1/36 [Terence/+0 short sword (1)]
  1096 | D:2      | Slain by Terence

Vault maps used:
D:1:      ncdulo_smallfort
D:2:      amethyst_overflow_temple_binary, chequers_garden, minmay_tetromino_s4,
          uniq_terence

Action                   || total
-------------------------++-------
Melee: Short sword       ||    77
Throw: Stone             ||    37
Armor: Robe              ||    24
Dodge: Dodged            ||    56

Table legend:
 A = Non-vault XP
 B = Vault XP
 C = Vault XP percentage of total XP
 D = Non-vault monster count
 E = Vault monster count
 F = Vault count percentage of total count
                 A         B        C        D         E       F
            +---------+---------+-------+---------+---------+-------
      Total |      36 |       0 |   0.0 |      17 |       0 |   0.0
            +---------+---------+-------+---------+---------+-------
        D:1 |      35 |       0 |   0.0 |      16 |       0 |   0.0
        D:2 |       1 |       0 |   0.0 |       1 |       0 |   0.0
            +---------+---------+-------+---------+---------+-------
